Map: Blueshift LE

Players

SpeCial

  • Race: Terran Terran
  • Spawn Location: 1:00

Reynor - Winner!

  • Race: Zerg Zerg
  • Spawn Location: 7:00

Event: WCS Montreal 2018

VOD

Have the link to the VOD?

Description

Time

  • Played on: Sept. 7, 2018, 7:55 p.m.
  • Length: 22:40

All games in this series

Show
View Real Time Build Order
Export as new Build Order

SpeCial Terran 

Build Orders: Hellion Opening, Reaper Expand, Mech 

Get SALT Encoding   

  12  0:00  SCV  
  13  0:13  SCV  
  14  0:17  Supply Depot  
  14  0:25  SCV  
  15  0:39  SCV  
  15  0:40  Barracks  
  16  0:44  Refinery  
  16  0:51  SCV  
  17  1:03  SCV  
  18  1:15  SCV  
  19  1:28  Orbital Command, Reaper  
  20  1:39  Command Center  
  20  1:53  Supply Depot  
  20  1:54  SCV  
  20  2:00  Marine  
  22  2:05  Factory  
  22  2:08  SCV  
  23  2:16  Refinery  
  23  2:20  SCV  
  23  2:22  Barracks Reactor  
  24  2:32  SCV  
  26  2:44  SCV  
  26  2:51  Orbital Command  
  26  2:53  Starport  
  26  2:59  SCV  
  27  3:06  Barracks Tech Lab  
  27  3:07  Hellion x2  
  27  3:11  SCV  
  32  3:17  SCV  
  32  3:19  Supply Depot  
  33  3:23  SCV  
  34  3:28  Hellion x2  
  34  3:29  SCV  
  34  3:32  Viking  
  41  3:40  Concussive Shells  
  41  3:45  Supply Depot  
  41  3:46  SCV  
  41  3:47  SCV  
  43  3:53  Hellion x2  
  47  3:58  SCV  
  47  4:00  SCV  
  49  4:10  SCV  
  49  4:12  Command Center  
  49  4:15  SCV  
  51  4:22  SCV  
  52  4:27  Supply Depot, SCV  
  53  4:32  Marine x2  
  53  4:33  Siege Tank  
  53  4:35  SCV  
  59  4:39  SCV  
  60  4:47  SCV, Liberator  
  60  4:50  Marine x2  
  60  4:51  SCV  
  64  4:54  Refinery  
  64  4:56  Refinery, Supply Depot  
  64  4:59  SCV  
  65  5:03  SCV  
  69  5:08  Marine  
  69  5:12  SCV, Marine  
  70  5:15  SCV  
  67  5:24  Armory, Siege Tank  
  67  5:25  SCV  
  67  5:27  Armory, SCV  
  72  5:29  Orbital Command  
  72  5:34  Marine x2  
  74  5:37  SCV  
  74  5:39  SCV  
  76  5:47  Supply Depot  
  76  5:49  SCV  
  77  5:51  SCV  
  77  5:53  Orbital Command  
  77  6:01  SCV  
  77  6:03  SCV  
  79  6:04  Command Center  
  79  6:05  Factory  
  79  6:06  Hellion x2  
  79  6:07  Factory  
  83  6:13  SCV, Terran Vehicle Weapons Level 1  
  83  6:16  SCV  
  85  6:19  SCV  
  85  6:25  SCV  
  87  6:27  Hellion  
  87  6:28  SCV  
  87  6:31  SCV  
  91  6:35  Starport Reactor  
  91  6:36  Supply Depot  
  91  6:37  Supply Depot, Hellion  
  91  6:38  SCV  
  94  6:42  Supply Depot, SCV  
  94  6:43  Supply Depot, SCV  
  96  6:50  SCV  
  96  6:51  Supply Depot, Terran Vehicle And Ship Armor Level 1  
  97  6:54  SCV  
  97  6:55  SCV  
  97  6:59  Hellion x2  
  98  7:02  SCV  
  98  7:06  SCV, Factory Tech Lab  
  98  7:07  SCV  
  101  7:14  SCV  
  98  7:17  Orbital Command  
  98  7:19  SCV  
  98  7:20  SCV  
  91  7:24  Hellion x2  
  91  7:26  SCV  
  91  7:27  Thor x2  
  104  7:35  SCV  
  105  7:37  SCV, Hellion x5  
  105  7:39  SCV  
  105  7:45  SCV  
  105  7:46  Medivac x2  
  105  7:47  SCV  
  105  7:49  SCV  
  111  7:51  SCV  
  111  7:57  SCV  
  111  7:59  SCV  
  111  8:01  SCV  
  111  8:03  SCV  
  111  8:05  Hellion x2  
  116  8:08  Liberator  
  116  8:09  SCV  
  116  8:11  SCV  
  112  8:13  SCV  
  112  8:14  Refinery  
  112  8:15  Refinery, SCV  
  112  8:16  Liberator  
  112  8:19  Siege Tank x2  
  120  8:21  SCV  
  120  8:23  SCV  
  120  8:25  SCV  
  126  8:28  SCV  
  126  8:33  SCV  
  131  8:35  SCV  
  131  8:37  SCV  
  131  8:40  SCV  
  136  8:41  Hellion x2  
  136  8:43  Terran Vehicle Weapons Level 2  
  136  8:45  SCV  
  136  8:47  SCV  
  140  8:49  SCV  
  140  8:52  SCV  
  140  8:53  Factory  
  140  8:55  Factory  
  142  8:57  Siege Tank, Supply Depot  
  142  9:01  Liberator  
  146  9:03  Siege Tank, Hellion  
  146  9:06  Liberator  
  146  9:08  Orbital Command, Hellion x12  
  146  9:09  Supply Depot  
  148  9:10  Supply Depot  
  148  9:12  SCV x2  
  148  9:16  Supply Depot  
  150  9:17  Supply Depot  
  156  9:35  Siege Tank, Supply Depot, Hellion x2  
  156  9:36  Supply Depot  
  166  9:38  Siege Tank  
  166  9:45  SCV x3  
  168  9:46  SCV  
  168  9:48  Liberator  
  168  9:49  Liberator  
  170  9:57  Engineering Bay, SCV x2  
  170  9:58  Hellion x16  
  169  10:01  SCV  
  170  10:07  Siege Tank  
  170  10:10  Factory Tech Lab x2, Hellion x2  
  177  10:15  SCV x2  
  177  10:16  Refinery  
  177  10:17  Refinery  
  177  10:20  Siege Tank  
  181  10:37  Liberator, Hellion x2  
  181  10:38  Siege Tank  
  181  10:39  Siege Tank  
  181  10:42  SCV x2  
  186  10:44  Factory  
  186  10:45  Missile Turret  
  186  10:46  Supply Depot x2  
  186  10:48  Factory Reactor  
  186  10:52  Missile Turret  
  181  10:57  Siege Tank  
  181  11:00  Hellion x2  
  181  11:01  Missile Turret  
  188  11:04  Infernal Pre-Igniter  
  188  11:10  Missile Turret  
  186  11:14  Factory  
  184  11:21  Thor  
  184  11:22  Hellion  
  184  11:23  Hellion  
  194  11:30  Barracks  
  194  11:31  Ghost Academy  
  194  11:32  Barracks x3  
  194  11:33  Hellion  
  194  11:37  Siege Tank  
  199  11:45  Missile Turret x2  
  181  12:02  Hellion  
  181  12:04  Supply Depot  
  181  12:05  Supply Depot, Factory Tech Lab  
  180  12:12  Supply Depot  
  180  12:14  Supply Depot, Liberator x2  
  180  12:18  Thor  
  180  12:19  Barracks Tech Lab x4  
  180  12:21  Command Center  
  180  12:22  Missile Turret, Terran Vehicle And Ship Armor Level 2, Terran Vehicle Weapons Level 3  
  180  12:23  Command Center  
  180  12:24  Supply Depot x2  
  180  12:25  Supply Depot  
  180  12:26  Siege Tank, Hellion x3  
  180  12:28  Missile Turret  
  183  12:36  Ghost  
  183  12:37  Ghost  
  186  12:38  Ghost  
  186  12:40  Hellion x3  
  195  12:44  Ghost  
  195  12:47  Hellion  
  195  12:57  Hellion  
  195  12:58  Command Center, Hellion x2  
  174  13:02  Personal Cloaking  
  174  13:05  Ghost  
  168  13:07  Siege Tank x2, Hellion x3  
  182  13:17  Ghost  
  182  13:18  Ghost  
  182  13:19  Hellion  
  188  13:21  Supply Depot  
  188  13:22  Missile Turret, Hellion  
  188  13:23  Missile Turret, Hellion  
  192  13:27  Siege Tank  
  191  13:35  Ghost  
  191  13:36  Ghost  
  189  13:42  Hellion x2  
  189  13:46  Ghost  
  189  13:48  Orbital Command  
  189  13:50  Hellion  
  189  13:51  Siege Tank  
  189  13:52  Hellion  
  189  13:54  Hellion  
  198  14:01  Ghost  
  200  14:12  Sensor Tower, Missile Turret x2  
  200  14:20  Hellion  
  200  14:21  Siege Tank, Hellion  
  196  14:25  Refinery  
  196  14:26  Siege Tank  
  196  14:27  Siege Tank x2  
  196  14:28  Hellion x2  
  196  14:29  Siege Tank  
  195  14:32  Refinery  
  195  14:33  Ghost  
  197  14:42  Command Center, Hellion  
  196  14:50  Refinery x2  
  196  14:52  Ghost x2  
  191  14:55  Hellion x2  
  191  14:57  Ghost  
  191  14:59  Hellion x2  
  172  15:01  Ghost  
  169  15:10  Hellion  
  169  15:13  Smart Servos  
  174  15:14  Siege Tank  
  174  15:20  Hellion  
  175  15:26  Ghost x2  
  175  15:28  Siege Tank  
  179  15:33  Planetary Fortress  
  166  15:44  Siege Tank x2  
  166  15:45  Hellion  
  130  15:52  Siege Tank  
  130  15:53  Hellion  
  130  15:55  Orbital Command, Hellion  
  119  15:58  Ghost  
  118  16:08  Siege Tank x2, Hellion  
  122  16:16  Orbital Command  
  118  16:23  Siege Tank, Hellion x2  
  118  16:24  Hellion  
  127  16:28  SCV  
  127  16:29  SCV  
  127  16:31  SCV  
  127  16:32  SCV  
  130  16:34  Orbital Command  
  130  16:36  Ghost  
  131  16:45  SCV x3  
  125  17:02  Orbital Command  
  125  17:04  Siege Tank, Hellion  
  130  17:12  Hellion  
  129  17:28  SCV x3  
  116  17:30  Hellion  
  116  17:31  SCV  
  114  17:41  Hellion  
  108  17:47  Siege Tank  
  108  17:49  Hellion  
  111  17:55  Ghost  
  111  17:57  Orbital Command  
  113  18:00  Siege Tank  
  116  18:07  Ghost  
  116  18:11  Siege Tank  
  117  18:20  Siege Tank x2  
  118  18:29  Siege Tank  
  118  18:32  Siege Tank  
  119  18:36  Refinery  
  119  18:48  Hellion x4  
  119  18:51  Orbital Command  
  119  18:53  Siege Tank x2  
  122  18:57  Hellion  
  117  19:03  Hellion  
  114  19:12  Hellion  
  116  19:18  Liberator  
  116  19:23  Ghost x3  
  118  19:28  SCV  
  118  19:29  SCV x2  
  128  19:40  Siege Tank  
  129  19:50  Orbital Command  
  129  19:51  Siege Tank  
  129  19:52  Hellion x4  
  136  20:07  Ghost  
  131  20:09  Hellion x5  
  136  20:14  Hellion x2  
  136  20:15  Hellion x2  
  136  20:18  Refinery  
  136  20:19  Orbital Command  
  140  20:36  Hellion  
  127  20:57  Hellion x2  
  113  21:05  Hellion  
  115  21:32  Orbital Command  
  115  21:40  Orbital Command  
  92  21:57  Siege Tank x2, Hellion x2  
  93  22:02  Orbital Command  
  93  22:03  Hellion x2  
  93  22:06  Medivac x2  
  93  22:07  Siege Tank x2  
  110  22:19  Hellion  
Show
View Real Time Build Order
Export as new Build Order

Reynor Zerg - Winner!

Build Orders: Hatch First, Swarm Host 

Get SALT Encoding   

  12  0:00  Drone  
  13  0:12  Overlord  
  13  0:17  Drone  
  14  0:30  Drone x2  
  16  0:49  Hatchery  
  15  0:51  Drone  
  15  0:55  Drone  
  17  1:00  Drone  
  18  1:08  Extractor  
  17  1:14  Spawning Pool  
  17  1:17  Drone  
  17  1:20  Drone  
  18  1:28  Drone  
  19  1:38  Overlord  
  19  1:49  Drone  
  20  2:01  Hatchery  
  19  2:03  Queen  
  21  2:09  Zergling x2  
  21  2:10  Zergling x2  
  21  2:14  Zergling x2  
  24  2:23  Queen  
  24  2:27  Extractor  
  26  2:32  Drone x2  
  26  2:36  Overlord  
  28  2:47  Metabolic Boost  
  28  2:48  Drone  
  28  2:49  Drone  
  30  2:55  Queen  
  31  2:59  Drone  
  31  3:02  Drone  
  33  3:06  Drone  
  33  3:07  Drone  
  35  3:14  Queen  
  35  3:17  Drone  
  35  3:18  Drone  
  39  3:22  Zergling x4  
  39  3:25  Zergling x2  
  39  3:27  Drone  
  43  3:29  Drone  
  43  3:34  Overlord  
  44  3:35  Drone  
  44  3:36  Drone  
  44  3:41  Zergling x2  
  47  3:45  Queen  
  49  3:54  Overlord, Drone x2  
  49  3:55  Drone x2  
  53  4:03  Zergling x4  
  53  4:04  Drone x2  
  53  4:06  Overlord  
  57  4:13  Overlord  
  57  4:16  Drone x3  
  60  4:24  Overlord  
  60  4:26  Zergling x8  
  60  4:29  Drone  
  60  4:30  Drone x2  
  65  4:35  Zergling x4  
  65  4:36  Drone  
  68  4:42  Drone  
  68  4:45  Drone  
  69  4:47  Drone x3  
  69  4:49  Drone  
  69  4:52  Overlord  
  72  4:56  Spore Crawler  
  72  4:59  Zergling x10  
  76  5:03  Overlord  
  74  5:07  Overlord  
  74  5:09  Evolution Chamber  
  68  5:14  Drone  
  68  5:15  Drone x3  
  68  5:20  Drone  
  70  5:23  Drone x2  
  70  5:24  Drone x2  
  70  5:25  Drone  
  70  5:27  Evolution Chamber  
  74  5:30  Extractor, Drone x2  
  74  5:31  Drone x2  
  74  5:32  Extractor  
  74  5:34  Overlord  
  76  5:35  Drone  
  76  5:36  Zerg Ground Armor Level 1  
  76  5:37  Lair  
  77  5:44  Drone x3  
  77  5:48  Extractor  
  77  5:49  Baneling Nest  
  78  5:51  Zergling x2  
  78  5:54  Zergling x2  
  78  5:55  Overlord  
  78  5:57  Drone x2  
  82  6:02  Zerg Melee Weapons Level 1  
  82  6:05  Hatchery, Extractor  
  82  6:06  Zergling x8  
  82  6:09  Drone  
  82  6:10  Drone x3  
  88  6:15  Overlord  
  88  6:20  Zergling x4  
  90  6:25  Zergling x4  
  90  6:30  Drone  
  90  6:31  Drone x2  
  90  6:32  Drone x2  
  94  6:34  Drone x2  
  94  6:36  Drone  
  94  6:39  Drone x3  
  100  6:43  Roach Warren  
  99  6:47  Zergling x4  
  99  6:53  Overlord  
  99  6:54  Drone  
  102  7:00  Zergling x8  
  106  7:09  Overlord  
  101  7:16  Zergling x8  
  101  7:17  Zergling x4  
  101  7:22  Baneling x4  
  105  7:23  Baneling x2, Overseer  
  105  7:26  Hatchery, Infestation Pit  
  101  7:31  Roach x3  
  101  7:34  Zerg Missile Weapons Level 1  
  101  7:35  Roach x2  
  111  7:38  Extractor, Roach x4  
  116  7:45  Roach x4  
  116  7:50  Roach  
  122  7:54  Roach  
  122  7:57  Roach  
  125  8:02  Roach x2  
  125  8:05  Hatchery  
  125  8:06  Roach  
  125  8:08  Roach x3  
  128  8:13  Zerg Ground Armor Level 2, Roach  
  128  8:14  Roach  
  128  8:17  Hatchery  
  131  8:23  Roach x2  
  131  8:25  Overlord  
  134  8:28  Roach  
  134  8:36  Overlord  
  134  8:37  Roach  
  134  8:39  Glial Reconstitution  
  134  8:42  Roach  
  134  8:45  Roach  
  134  8:46  Roach x3  
  144  8:59  Swarm Host  
  144  9:00  Swarm Host x2  
  144  9:02  Overlord x2  
  153  9:05  Baneling x4  
  153  9:09  Baneling  
  153  9:16  Overlord x2  
  153  9:22  Swarm Host x4  
  153  9:23  Swarm Host x2  
  171  9:28  Drone x3  
  171  9:29  Drone x4  
  176  9:32  Swarm Host x2  
  182  9:40  Overlord, Drone  
  182  9:41  Drone x5  
  182  9:45  Spore Crawler x2, Zerg Missile Weapons Level 2  
  186  9:54  Overlord  
  186  9:58  Queen  
  187  10:05  Overlord  
  187  10:08  Roach x6  
  187  10:11  Hatchery  
  198  10:20  Ravager x4  
  189  10:39  Ravager x5  
  192  10:48  Extractor, Drone  
  192  10:49  Drone x5  
  196  10:50  Extractor  
  196  10:55  Roach x3  
  200  11:02  Ravager x2  
  200  11:03  Ravager  
  197  11:13  Spine Crawler x2  
  197  11:14  Swarm Host  
  197  11:18  Swarm Host  
  195  11:20  Ravager  
  195  11:21  Ravager  
  200  11:32  Hive  
  200  11:34  Infestation Pit  
  194  11:50  Queen  
  194  11:51  Swarm Host x5  
  194  11:52  Swarm Host  
  188  12:03  Swarm Host x2  
  188  12:08  Drone x6  
  199  12:10  Extractor  
  199  12:14  Drone x5  
  200  12:18  Ravager x2  
  194  12:33  Roach x2  
  194  12:34  Roach  
  200  12:47  Roach  
  191  12:54  Drone x7  
  191  12:58  Roach x4  
  199  13:06  Zerg Missile Weapons Level 3  
  199  13:07  Zerg Ground Armor Level 3  
  199  13:19  Spore Crawler x2  
  198  13:20  Ravager  
  186  13:38  Roach x10  
  193  13:48  Roach x10  
  197  13:52  Drone  
  197  13:53  Drone  
  197  13:55  Ravager x3  
  199  13:58  Drone  
  197  14:12  Roach  
  196  14:27  Roach x8  
  195  14:33  Ravager x5  
  195  14:34  Ravager  
  195  14:35  Roach  
  195  14:36  Roach  
  200  14:47  Roach x2  
  187  14:55  Roach x5  
  187  14:56  Queen, Roach  
  167  15:02  Roach x2  
  165  15:11  Roach x3  
  165  15:12  Roach  
  173  15:16  Roach  
  173  15:18  Roach x3  
  183  15:21  Roach x3  
  183  15:27  Roach  
  183  15:28  Queen  
  175  15:33  Roach x3  
  181  15:37  Roach  
  181  15:42  Roach  
  177  15:46  Roach x2  
  177  15:49  Roach x4  
  148  15:53  Roach  
  148  15:54  Queen  
  148  15:56  Roach x2  
  140  15:59  Ravager  
  140  16:01  Roach  
  140  16:02  Roach x2  
  140  16:04  Roach  
  149  16:05  Drone x2  
  149  16:07  Roach  
  152  16:13  Ravager  
  152  16:17  Roach x2  
  152  16:18  Roach x2  
  152  16:21  Drone, Ravager  
  154  16:26  Roach x2  
  154  16:30  Ravager  
  154  16:31  Roach  
  154  16:32  Drone x3  
  164  16:40  Roach x2  
  164  16:41  Roach x2  
  164  16:43  Drone x2  
  164  16:45  Ravager  
  164  16:46  Ravager  
  176  16:52  Roach  
  176  16:53  Roach  
  178  17:00  Drone x2  
  178  17:01  Drone x3  
  169  17:09  Ravager x4  
  179  17:15  Roach x3  
  179  17:21  Roach  
  179  17:22  Roach x2  
  185  17:29  Swarm Host x2  
  156  17:42  Swarm Host x2  
  162  17:56  Swarm Host  
  162  17:57  Swarm Host  
  163  18:09  Hatchery  
  163  18:12  Roach x3  
  170  18:13  Roach x3  
  170  18:19  Swarm Host  
  177  18:23  Roach x2  
  179  18:29  Drone x4  
  179  18:30  Drone  
  179  18:31  Ravager  
  179  18:34  Roach  
  187  18:37  Roach x2  
  191  18:47  Roach x4  
  177  18:56  Ravager  
  177  18:57  Roach x3  
  184  19:04  Drone x2  
  184  19:05  Drone  
  187  19:13  Ravager  
  187  19:14  Drone x6  
  194  19:23  Roach x2  
  198  19:30  Spore Crawler  
  197  19:31  Ravager x2  
  199  19:51  Swarm Host x2  
  199  19:56  Burrow  
  199  20:03  Swarm Host x3  
  199  20:06  Roach  
  199  20:07  Roach x4  
  199  20:13  Extractor  
  198  20:21  Ravager  
  199  20:27  Tunneling Claws  
  196  20:42  Ravager x2  
  187  20:58  Overseer  
  187  21:01  Roach  
  187  21:02  Roach x13  
  191  21:08  Ravager x3  
  191  21:09  Ravager  
  195  21:22  Roach x2  
  199  21:29  Overseer x2  
  199  21:30  Hatchery  
  199  21:31  Ravager x4  
  196  21:35  Roach  
  196  21:37  Pneumatized Carapace  
  195  21:52  Roach x6  
  190  21:57  Roach x2  
  190  21:58  Roach x8  
  178  22:01  Swarm Host  
  178  22:02  Swarm Host x3  
  178  22:07  Ravager  
  185  22:08  Drone  
  185  22:09  Drone x4  
  185  22:11  Extractor  
  185  22:12  Ravager  
  185  22:15  Ravager  
  191  22:16  Roach  
  191  22:17  Roach  
  191  22:21  Ravager  
Tags
 
Add a new tag
Caveats
  • Supply blocks, unpowered buildings, or Contaminate may cause inaccurate times.
  • Supply counts are checked every 10 seconds.